[Event "Early-Titled-Tuesday-Blitz-February-20-2024"]
[Site "Chess.com"]
[Date "2024.02.20"]
[Round "7"]
[White "bescmelasti"]
[Black "adotand"]
[Result "1-0"]
[WhiteElo "2659"]
[BlackElo "2920"]
[TimeControl "180+1"]
[EndTime "9:20:11 PST"]
[Termination "bescmelasti won by resignation"]

1. e4 c5 2. Nf3 Nc6 3. Bb5 e6 4. Bxc6 bxc6 5. d3 Qc7 6. O-O e5 7. c3 Ne7 8. d4 cxd4 9. cxd4 exd4 10. Qxd4 Ng6 11. Nc3 f6 12. Re1 Be7 13. Be3 O-O 14. Rac1 Qb7 15. h4 d6 16. h5 Ne5 17. Nh4 Be6 18. Nf5 Rfd8 19. h6 g6 20. Nxe7+ Qxe7 21. b3 a5 22. Qd2 Rd7 23. Na4 Rc7 24. Red1 Bg4 25. Rf1 Nf7 26. f3 Be6 27. Nb6 Rd8 28.
Qxa5 g5 29. Rfe1 Nxh6 30. Nd5 Bxd5 31. exd5 Re8 32. Bb6 Qf7 33. Rxe8+ Qxe8 34. Bxc7 Qg6 35. Bxd6 Qe8 36. Qc3 Nf5 37. dxc6 Nxd6 38. c7 Nc8 39. Re1 Qd7 40. Qxf6 h6 41. Kh1 Kh7 42. Re6 Qxc7 43. Qxh6+ Kg8 44. Rg6+ Kf7 45. Rg7+ Ke8 46. Rxc7 Ne7 47.
Qe6 1-0

[Event "Early-Titled-Tuesday-Blitz-February-20-2024"]
[Site "Chess.com"]
[Date "2024.02.20"]
[Round "7"]
[White "Sofia_Blokhin"]
[Black "Kostukov_Alex"]
[Result "0-1"]
[WhiteElo "2236"]
[BlackElo "2348"]
[TimeControl "180+1"]
[EndTime "9:20:11 PST"]
[Termination "Kostukov_Alex won on time"]

1. d4 g6 2. e4 c5 3. d5 Bg7 4. c4 d6 5. Nc3 Nf6 6. Be2 O-O 7. f4 e6 8. Nf3 exd5 9. cxd5 Re8 10. Qc2 Na6 11. a3 Nc7 12. O-O b5 13. b4 cxb4 14.
axb4 Nxe4 15. Nxe4 Bxa1 16. Bd2 Bg7 17. Rc1 Bf5 18. Bd3 Nxd5 19. Qc6 Nb6 20. Nf2 Bxd3 21. Nxd3 Nc4 22. Qxb5 Nxd2 23. Nxd2 Rc8 24. Rc6 Rxc6 25.
Qxc6 Bd4+ 26. Kf1 Re7 27. Ne4 d5 28. Ng5 Rc7 29. Qb5 Qe7 30. Qb8+ Kg7 31. Nf3 Bb6 32. Nfe5 f6 33. Nf3 Qe3 34. Nc5 Re7 35. Qc8 Qe2+ 36.
Kg1 Qe3+ 37. Kf1 Qxf4 38. Kf2 Qc7 39. Qg4 Bxc5+ 40. bxc5 Qxc5+ 41. Kg3 Qd6+ 42. Kf2 Qe6 43. Qd4 Qd6 0-1

[Event "Early-Titled-Tuesday-Blitz-February-20-2024"]
[Site "Chess.com"]
[Date "2024.02.20"]
[Round "7"]
[White "Bauman_Guy"]
[Black "Bigfish1995"]
[Result "0-1"]
[WhiteElo "2920"]
[BlackElo "3173"]
[TimeControl "180+1"]
[EndTime "9:20:12 PST"]
[Termination "Bigfish1995 won by checkmate"]

1. e4 c6 2. d4 d5 3. e5 Bf5 4. h4 h5 5. Bd3 Bxd3 6. Qxd3 e6 7. Nf3 c5 8. c4 cxd4 9. Nxd4 dxc4 10. Qxc4 Qa5+ 11.
Nc3 Qxe5+ 12. Be3 Na6 13. Qa4+ Ke7 14. O-O-O Kf6 15. Nf3 Qf5 16. Rh3 Kg6 17. Rg3+ Kh7 18. Ng5+ Kg6 19. Nxe6+ Kh7 20. Ng5+ Kg6 21. Rf3 Qg4 22.
Rf4 Qc8 23. Rxf7 Nf6 24. Rd5 Nb4 25. Rb5 Qc4 26. Rbxb7 Rd8 27. Bd2 Qd3 28. Qd1 Qf5 29. Nf3 Nd3+ 30. Kb1 Ne5+ 31. Qc2 Qxc2+ 32. Kxc2 Nxf7 33.
Rxa7 Bc5 34. Ra6 Bxf2 35. Ne4 Bd4 36. Neg5 Rd7 37. Nxd4 Rxd4 38. Ne6 Rd7 39. Nf4+ Kh7 40. Bc3 Rc8 41. Kb1 Ne4 42. Nxh5 Nxc3+ 43. bxc3 Rxc3 44. Kb2 Rc4 45. g3 Rb7+ 46. Ka3 Ne5 47. Nf4 Rc3+ 48.
Ka4 Nc6 49. a3 Rc4# 0-1

[Event "Early-Titled-Tuesday-Blitz-February-20-2024"]
[Site "Chess.com"]
[Date "2024.02.20"]
[Round "7"]
[White "Ati1517"]
[Black "kibromNNN"]
[Result "1-0"]
[WhiteElo "2232"]
[BlackElo "1754"]
[TimeControl "180+1"]
[EndTime "9:20:12 PST"]
[Termination "Ati1517 won on time"]

1. e4 d6 2. d4 Nf6 3. Nc3 c6 4. Nf3 Bg4 5. Bc4 e6 6. h3 Bh5 7. Bg5 Be7 8. Qd2 Nbd7 9. g4 Bg6 10. Qe3 b5 11. Bd3 b4 12. Ne2 e5 13. dxe5 dxe5 14.
O-O-O Qb6 15. Ng3 Bc5 16. Qe2 Bxf2 17. Nf5 Bxf5 18. gxf5 Bc5 19. Bxf6 gxf6 20. Qg2 O-O-O 21. Nd2 Rhg8 22. Qe2 Be3 23. Kb1 Bf4 24. Nc4 Qc7 25.
Nd6+ Kb8 26. Ba6 Nc5 27. Qc4 Nxa6 28. Nxf7 Rxd1+ 29. Rxd1 Qb6 30. Nxe5 Rg1 31. Nxc6+ Kb7 32. Qf7+ Nc7 33. Na5+ Ka6 34. Qd7 Rxd1+ 35. Qxd1 Qxa5 36. Qf1+ Kb7 37. Qxf4 Qc5 38. b3 a5 39. Qg4 Nb5 40.
Qf3 Nc3+ 41. Kb2 1-0

[Event "Early-Titled-Tuesday-Blitz-February-20-2024"]
[Site "Chess.com"]
[Date "2024.02.20"]
[Round "7"]
[White "CaspiIsrael"]
[Black "Eagle_2019"]
[Result "0-1"]
[WhiteElo "2723"]
[BlackElo "2888"]
[TimeControl "180+1"]
[EndTime "9:20:13 PST"]
[Termination "Eagle_2019 won by checkmate"]

1. e4 c5 2. Nf3 Nc6 3. d4 cxd4 4. Nxd4 Nf6 5. Nc3 e6 6. Ndb5 Bc5 7. Bf4 O-O 8. Bc7 Qe7 9. Bd6 Bxd6 10. Qxd6 Qd8 11.
Nc7 Rb8 12. Be2 b6 13. O-O-O Rb7 14. N7b5 a6 15. Nd4 Nxd4 16. Qxd4 b5 17. e5 Ne8 18.
Ne4 Rb6 19. Kb1 Bb7 20. Nc5 Bd5 21. Nxd7 Rd6 22. exd6 Qxd7 23. Bf3 Nf6 24. Bxd5 Nxd5 25. Qe5 f6 26. Qg3 b4 27. Rhe1 Qb5 28. Qd3 Qb6 29. Ka1 Qxd6 30. g3 Rc8 31. Re2 a5 32. h4 Qc6 33.
Qe4 Kf7 34. Qxh7 a4 35. Qh5+ Kf8 36. Qf3 a3 37. Rde1 axb2+ 38. Kxb2 Qa4 39. Qb3 Qa5 40. Ka1 Rc3 41. Qb2 Ra3 42. c4 Nc3 43. c5 b3 44. c6 Rxa2+ 45. Qxa2 Nxa2 46. Rxe6 Qc3+ 47. Kb1 Qc2+ 48. Ka1 b2+ 49. Kxa2 b1=Q+ 50. Ka3 Qbb3# 0-1

[Event "Early-Titled-Tuesday-Blitz-February-20-2024"]
[Site "Chess.com"]
[Date "2024.02.20"]
[Round "7"]
[White "TigrVShlyape"]
[Black "jens1102"]
[Result "1-0"]
[WhiteElo "2914"]
[BlackElo "2715"]
[TimeControl "180+1"]
[EndTime "9:20:14 PST"]
[Termination "TigrVShlyape won on time"]

1. d4 Nf6 2. Bf4 d5 3. e3 c5 4. c3 Nc6 5. Nd2 e6 6. Ngf3 Bd6 7. Bg3 O-O 8. Bd3 b6 9. Qe2 Bb7 10. Rd1 Re8 11. e4 e5 12. dxc5 Bxc5 13. exd5 Nxd5 14.
O-O Nf4 15. Bxf4 exf4 16. Ne4 Qc7 17. Qc2 Bf8 18. Rfe1 Rac8 19. Qb1 Rcd8 20. h3 h6 21.
Ned2 Ne5 22. Bh7+ Kh8 23. Be4 Nxf3+ 24. gxf3 Bc8 25. Nb3 Qe7 26. Rxd8 Rxd8 27. Bf5 Qg5+ 28. Bg4 h5 29. h4 Qxh4 30. Bxc8 Rxc8 31. Qf5 Rd8 32.
Nd4 Bc5 33. Qxf7 Qg5+ 34. Kf1 Bxd4 35. Re8+ Rxe8 36. Qxe8+ Kh7 37. cxd4 h4 38. Qe6 Qb5+ 39.
Kg2 Qxb2 40. d5 Qxa2 41. Qf5+ g6 42. Qf7+ Kh6 43. Qxf4+ Kg7 44. Qe5+ Kf7 45. Qe6+ Kg7 46. Qe7+ Kg8 47. d6 Qf7 48. Qxh4 Qd7 49. Qf6 Qf7 50. Qd8+ Qf8 51. Qc7 Qf5 52. d7 Qg5+ 53. Kf1 Qc1+ 54. Qxc1 1-0

[Event "Early-Titled-Tuesday-Blitz-February-20-2024"]
[Site "Chess.com"]
[Date "2024.02.20"]
[Round "7"]
[White "Huragan007"]
[Black "Szparu"]
[Result "0-1"]
[WhiteElo "2610"]
[BlackElo "2784"]
[TimeControl "180+1"]
[EndTime "9:20:14 PST"]
[Termination "Szparu won by resignation"]

1. e4 e6 2. d4 d5 3. Nc3 Bb4 4. e5 c5 5. a3 Ba5 6. Nf3 cxd4 7.
Nxd4 Ne7 8. f4 Nbc6 9. Be3 O-O 10. Bd3 Bd7 11. O-O Nxd4 12. Bxd4 Bb6 13. Ne2 Bxd4+ 14. Nxd4 Qb6 15. Kh1 f6 16. Nf3 Bb5 17. Bxb5 Qxb5 18. Nd4 Qb6 19. Re1 Ng6 20. exf6 Nxf4 21. fxg7 Rf6 22.
Nf3 Rg6 23. g3 Nh3 24. Qe2 Nf2+ 25. Kg2 Ne4 26. Nd2 Nd6 27. b3 Nf5 28. Nf3 Re8 29. Ne5 Rxg7 30. Nf3 Kh8 31. Kh1 Rxg3 32. Qe5+ Rg7 33.
Rg1 Qc7 34. Qxc7 Rxc7 35. Rg2 Ne3 36. Re2 Nxc2 37. Rc1 Rec8 38. Rxe6 Nxa3 39. Rg1 Nb5 40. Ne5 Rg7 41. Rh6 Rxg1+ 42. Kxg1 Kg7 43. Re6 Rc7 44.
Re8 Nd6 45. Rd8 Kf6 46. Ng4+ Kg5 47. Rxd6 Kxg4 48. Rxd5 Kf3 49. Rd3+ Ke2 50. Rg3 Kd2 51. Kg2 Rc3 52. Rg7 Rxb3 53. Rxh7 a5 54. Rh4 Rb4 55.
Rh5 a4 56. Ra5 b5 57. Kg3 Rb1 58. h4 Kc3 59. h5 Kb4 60. Ra8 a3 61. h6 Rh1 62.
Ra6 Kb3 63. Kg2 Rh5 64. Kg3 a2 65. Kg4 Rh1 66. Kg5 a1=Q 0-1

[Event "Early-Titled-Tuesday-Blitz-February-20-2024"]
[Site "Chess.com"]
[Date "2024.02.20"]
[Round "7"]
[White "arenal72"]
[Black "traviscottofficial"]
[Result "1-0"]
[WhiteElo "2586"]
[BlackElo "2736"]
[TimeControl "180+1"]
[EndTime "9:20:14 PST"]
[Termination "arenal72 won by resignation"]

1. Nf3 Nf6 2. g3 g6 3. Bg2 Bg7 4. O-O O-O 5. d3 d6 6. e4 e5 7.
c4 Nc6 8. h3 Nd7 9. Nc3 f5 10.
Bg5 Nf6 11. Qd2 fxe4 12. dxe4 Be6 13. b3 Qd7 14. Kh2 Nh5 15. Nh4 Rf7 16. Rad1 Raf8 17.
Qe3 Nd4 18. Ne2 c5 19. Nc3 a6 20. Nd5 Bxd5 21. cxd5 Qb5 22. Kg1 Ne2+ 23. Kh2 Nexg3 24. fxg3 Rxf1 25. Rxf1 Rxf1 26. Bxf1 Qxf1 27. Be7 Bf8 28.
Bxf8 Kxf8 29. Nf3 Kg7 30. Ng5 Kg8 31. Ne6 b5 32. a4 bxa4 33. bxa4 Qa1 34. h4 Qa2+ 35.
Kh3 Qb1 36. Qf3 Qb8 37. Qf6 Qc8 38. Kg2 c4 39. Ng5 Ng7 40. Qf7+ Kh8 41. Qe7 h5 42. Qxd6 c3 43. Qxg6 Kg8 44. Qh7+ Kf8 45. Qh8+ Ke7 46.
Qxc8 c2 47. Qxc2 1-0

[Event "Early-Titled-Tuesday-Blitz-February-20-2024"]
[Site "Chess.com"]
[Date "2024.02.20"]
[Round "7"]
[White "martinmena"]
[Black "Rozhkov_V"]
[Result "1/2-1/2"]
[WhiteElo "2211"]
[BlackElo "2417"]
[TimeControl "180+1"]
[EndTime "9:20:14 PST"]
[Termination "Game drawn by repetition"]

1. c4 e5 2. g3 Nc6 3. Bg2 f5 4. Nc3 Nf6 5. d3 g6 6. Bg5 Bg7 7. Nd5 h6 8. Bxf6 Bxf6 9. e4 d6 10. Ne2 O-O 11. O-O f4 12. Nec3 Nd4 13. Nb5 Ne6 14. Bh3 c6 15. Nxf6+ Rxf6 16. Nc3 f3 17. Bxe6+ Bxe6 18. b3 c5 19. Nd5 Bxd5 20. exd5 Qd7 21.
Kh1 Qg4 22. Rg1 Rf5 23. Qf1 Rh5 24. Re1 Rf8 25. Re4 Qg5 26. g4 Rh4 27. Rg3 Rf4 28.
Qg1 Rxe4 29. dxe4 Qf4 30. g5 h5 31. h3 Qxe4 32. Kh2 Qf4 33. Qb1 Kg7 34. Qe1 e4 35.
Qc3+ Qe5 36. Qa5 e3 37. Qc7+ Kf8 38. Qd8+ Kf7 39. Qd7+ Kg8 40. Qd8+ Kf7 41. Qd7+ Kf8 42. Qd8+ Kf7 1/2-1/2

[Event "Early-Titled-Tuesday-Blitz-February-20-2024"]
[Site "Chess.com"]
[Date "2024.02.20"]
[Round "7"]
[White "ckgchess"]
[Black "Statham_01"]
[Result "1-0"]
[WhiteElo "2864"]
[BlackElo "2567"]
[TimeControl "180+1"]
[EndTime "9:20:15 PST"]
[Termination "ckgchess won by resignation"]

1. e4 e5 2. Nc3 Nf6 3. f4 d5 4.
fxe5 Nxe4 5. Qf3 Nc6 6. Bb5 Nxc3 7. dxc3 Qh4+ 8. g3 Qe4+ 9. Qxe4 dxe4 10. Ne2 Bd7 11.
Bxc6 Bxc6 12. Be3 O-O-O 13. Rf1 Bd5 14. b3 Ba3 15. Rd1 Be6 16. Rxd8+ Rxd8 17. Rf4 Rd7 18.
Rxe4 Bb2 19. Bc1 Ba1 20. Ra4 a6 21. Rf4 h5 22. Bd2 g6 23. Nd4 Bg4 24. Re4 c5 25. e6 Re7 26. exf7 Rxf7 27. Ne2 Bf5 28. Re5 b6 29. Kd1 Bg4 30. Ke1 Bf5 31. Rd5 Kc7 32.
Bf4+ Kb7 33. Kd2 Re7 34. Nc1 Bg4 35. Re5 Rd7+ 36. Nd3 a5 37. a4 c4 38. bxc4 Rf7 39. c5 bxc5 40. Nxc5+ Kc6 41. Nb3 Bb2 42. Nxa5+ Kb6 43.
Nc4+ Kc6 44. Nxb2 Rd7+ 45. Nd3 g5 46. Rxg5 Rf7 47. Ne5+ 1-0

[Event "Early-Titled-Tuesday-Blitz-February-20-2024"]
[Site "Chess.com"]
[Date "2024.02.20"]
[Round "7"]
[White "picturesquecheck"]
[Black "Goffredo_Fofi"]
[Result "1-0"]
[WhiteElo "2448"]
[BlackElo "2540"]
[TimeControl "180+1"]
[EndTime "9:20:15 PST"]
[Termination "picturesquecheck won by resignation"]

1. e4 g6 2. d4 Bg7 3. Nc3 c6 4. Nf3 d5 5. e5 f6 6. exf6 Nxf6 7. Be2 O-O 8. O-O Bf5 9. Bf4 Nbd7 10. Re1 Nh5 11. Be3 Qc7 12. Qd2 e5 13. dxe5 Nxe5 14.
Nxe5 Bxe5 15. Bxh5 gxh5 16. h3 Rf6 17. Bg5 Rg6 18. Nxd5 cxd5 19. Qxd5+ Be6 20. Qxe5 Qxe5 21. Rxe5 h6 22. Be3 Bxh3 23. g3 Bg4 24. Kh2 Rd8 25. Re7 h4 26. gxh4 Bf3 27. Rg1 Rxg1 28. Kxg1 Rd1+ 29.
Kh2 Ra1 30. a3 b5 31. Kg3 Bd5 32. Rxa7 Rc1 33. c3 Rg1+ 34. Kf4 Be6 35. Ke5 Bg4 36. Bxh6 Be2 37. Be3 Bc4 38. Kd6 Rg6+ 39. Kc5 Rf6 40. Ra8+ Kh7 41. Bd4 Rf5+ 42. Kb4 Rf7 43. Rh8+ Kg6 44.
h5+ Kg5 45. h6 Bd3 46. Be3+ Kh5 47. Rd8 Bc4 48. Rd1 Kg6 49. Rg1+ Kh7 50. Rg7+ Rxg7 51. hxg7 Kxg7 52. a4 Be2 53. axb5 Kf7 54. b6 Ke6 55. c4 Kd7 56. c5 Kc6 57. Kc3 Bf1 58. b4 Ba6 59. Kd4 Bb7 60. Ke5 Kb5 61. f4 Kxb4 62.
Kd6 Kb5 63. f5 1-0

[Event "Early-Titled-Tuesday-Blitz-February-20-2024"]
[Site "Chess.com"]
[Date "2024.02.20"]
[Round "7"]
[White "DavidGavrilescu18"]
[Black "rhungaski"]
[Result "0-1"]
[WhiteElo "2753"]
[BlackElo "2589"]
[TimeControl "180+1"]
[EndTime "9:20:16 PST"]
[Termination "rhungaski won by checkmate"]

1. e4 g6 2. d4 Bg7 3. Nf3 d6 4. Bd3 a6 5. O-O Nd7 6. Re1 e5 7. c3 Ngf6 8. a4 O-O 9. h3 b6 10. Na3 Bb7 11. a5 b5 12. d5 c6 13. dxc6 Bxc6 14.
Nc2 Nc5 15. Bg5 h6 16. Bxf6 Qxf6 17. Nb4 Bb7 18. Bc2 Rad8 19. Nh2 h5 20. Nf1 Bh6 21. Nd5 Bxd5 22. Qxd5 Qe6 23. Rad1 Qxd5 24. Rxd5 Nb7 25. b4 Rc8 26. Rd3 Rc7 27. Ng3 Rfc8 28. Ne2 h4 29.
Bb3 Bg5 30. Rf1 Kg7 31. f4 Bxf4 32. Nxf4 exf4 33. Rxf4 Nd8 34. Rff3 Nc6 35. Rxd6 Ne5 36. Re3 Rxc3 37. Rxc3 Rxc3 38. Bd5 Rc1+ 39. Kf2 Nd3+ 40. Kf3 Nxb4 41. Kg4 Rc2 42. Kf3 Rd2 43. Rd7 Nxd5 44. exd5 Ra2 45. d6 Rxa5 46. Rd8 Kf6 47. Re8 Ra3+ 48.
Ke2 Ra2+ 49. Kd1 Ra4 50. Rh8 Rd4+ 51. Kc2 Rxd6 52. Rxh4 a5 53. Kb3 Rd3+ 54. Kc2 Rg3 55. Rf4+ Kg7 56. Rf2 a4 57. Kb2 b4 58. Ka2 f5 59.
Rd2 Kh6 60. h4 Kh5 61. Rd8 Rxg2+ 62. Kb1 Kxh4 63. Rd4+ Rg4 64. Rd6 Kg5 65. Kc2 b3+ 66.
Kb2 Re4 67. Ka3 Kh5 68. Rd8 g5 69. Rh8+ Kg4 70. Rc8 f4 71. Rf8 f3 72. Rf7 Rf4 73. Rd7 f2 74. Rd1 f1=Q 75. Rxf1 Rxf1 76. Kb2 Rf2+ 77. Ka3 Ra2+ 78. Kb4 b2 79. Kc3 b1=Q 80. Kd4 Rd2+ 81. Ke5 Qe1+ 82. Kf6 Rd6+ 83. Kg7 Qe7+ 84. Kh8 Rd8# 0-1

[Event "Early-Titled-Tuesday-Blitz-February-20-2024"]
[Site "Chess.com"]
[Date "2024.02.20"]
[Round "7"]
[White "maciek_92"]
[Black "lachesisQ"]
[Result "0-1"]
[WhiteElo "2811"]
[BlackElo "3042"]
[TimeControl "180+1"]
[EndTime "9:20:18 PST"]
[Termination "lachesisQ won by checkmate"]

1. c4 e5 2. g3 h5 3. Nf3 e4 4. Nh4 g5 5. Ng2 h4 6. gxh4 gxh4 7. Nc3 Nf6 8. d3 exd3 9. Qxd3 Nc6 10. Bg5 Be7 11. Nxh4 Ne5 12. Qc2 d6 13. Nf5 Bxf5 14. Qxf5 Nfg4 15. Bxe7 Qxe7 16. Bg2 c6 17. O-O-O Rd8 18.
h3 Nf6 19. Rd4 Qe6 20. Qf4 Ng6 21. Qd2 Rh4 22. Rd1 Ke7 23. e3 a6 24. f4 c5 25.
Nd5+ Kf8 26. Rd3 Nxd5 27. Rxd5 Ne7 28. Rxc5 b5 29. Kb1 bxc4 30. Re5 Qf6 31. Rg5 Rh6 32.
Qd4 Nf5 33. Qb6 Re8 34. e4 Nh4 35. e5 Qxf4 36. Rg4 Qxe5 37. Bc6 d5 38. Qc5+ Re7 39. Qb4 Rxc6 40. a3 Ng6 41. h4 Rc7 42. h5 Rb7 43. Qd2 c3 44. Qh6+ Ke8 45. hxg6 c2+ 46. Kxc2 Rxb2+ 47. Kd3 Rb3+ 48. Kd2 Qb2# 0-1

[Event "Early-Titled-Tuesday-Blitz-February-20-2024"]
[Site "Chess.com"]
[Date "2024.02.20"]
[Round "7"]
[White "Mops_2004"]
[Black "dropstoneDP"]
[Result "1/2-1/2"]
[WhiteElo "2730"]
[BlackElo "3010"]
[TimeControl "180+1"]
[EndTime "9:20:18 PST"]
[Termination "Game drawn - insufficient material"]

1. g3 e5 2. Bg2 d5 3. d3 Nf6 4. Nf3 Bd6 5. O-O O-O 6. Nc3 Re8 7. e4 dxe4 8. Nxe4 Nxe4 9. dxe4 Nd7 10. c3 a5 11. Qc2 Nc5 12. Be3 Qf6 13. Nd2 b6 14. Rfd1 Ba6 15. Bf1 Bxf1 16. Kxf1 Qe6 17. Bxc5 Bxc5 18.
Kg2 Rad8 19. a4 Rd7 20. Nb3 Be7 21. Rxd7 Qxd7 22. Nd2 Rd8 23. Nf3 f6 24. Re1 Qe6 25. Rd1 Rxd1 26. Qxd1 Kf7 27. Nd2 g6 28. b3 Qc6 29.
Qc2 Qd7 30. Nc4 Bc5 31. Qe2 h5 32. h3 Kg7 33. Qd2 Qxd2 34. Nxd2 Kf7 35. Nc4 Ke6 36. g4 hxg4 37. hxg4 Be7 38. Kf3 f5 39. gxf5+ gxf5 40. exf5+ Kxf5 41. Ne3+ Ke6 42. Ke4 Bc5 43. Ng4 Bd6 44.
f3 c6 45. Ne3 b5 46. axb5 cxb5 47. c4 a4 48. cxb5 axb3 49. Nc4 Bc5 50. Kd3 Kd5 51.
Kc3 b2 52. Nxb2 Bd4+ 53. Kb3 Bxb2 54. Kxb2 Kc5 55. Kc3 Kxb5 56. Kd3 Kc5 57. Ke4 Kd6 58. f4 exf4 59. Kxf4 1/2-1/2

[Event "Early-Titled-Tuesday-Blitz-February-20-2024"]
[Site "Chess.com"]
[Date "2024.02.20"]
[Round "7"]
[White "chessdjw"]
[Black "LiadCuba"]
[Result "1-0"]
[WhiteElo "2744"]
[BlackElo "2514"]
[TimeControl "180+1"]
[EndTime "9:20:18 PST"]
[Termination "chessdjw won on time"]

1. d4 d5 2. c4 e6 3. Nc3 Nf6 4. cxd5 Nxd5 5. e4 Nxc3 6. bxc3 c5 7. Rb1 cxd4 8. cxd4 e5 9. dxe5 Qxd1+ 10. Kxd1 Nc6 11.
f4 Be6 12. a3 O-O-O+ 13. Ke1 Nd4 14. Nf3 Bc5 15. Nxd4 Rxd4 16. Rb2 Rhd8 17. Be2 Rxe4 18. Rc2 b6 19. Rf1 Bg4 20. h3 Bxe2 21. Rxe2 Rc4 22.
Bb2 Rd3 23. f5 Kd7 24. e6+ Ke8 25. f6 gxf6 26. exf7+ Kf8 27. Rxf6 Re3 28. Rxe3 Bxe3 29. Rf5 Bd4 30. Bxd4 Rxd4 31. Ke2 Rd7 32. g4 Rxf7 33. Rh5 Ke7 34. Kd3 Kd6 35. Kc4 Kc6 36. Rh6+ Kb7 37. g5 a5 38. h4 Ka6 39. a4 Rf4+ 40. Kb3 Rf7 41. h5 Rf3+ 42. Kc2 Rf2+ 43. Kd3 Rf3+ 44. Ke4 Rg3 45. Kf4 Ra3 46. Rxh7 Rxa4+ 47. Kf5 Ra1 48. g6 Rf1+ 49. Kg4 Rg1+ 50. Kf3 a4 51. Rh8 Kb7 52. Rh7+ 1-0

[Event "Early-Titled-Tuesday-Blitz-February-20-2024"]
[Site "Chess.com"]
[Date "2024.02.20"]
[Round "7"]
[White "artin10862"]
[Black "NikitaShnadrygin"]
[Result "1-0"]
[WhiteElo "2907"]
[BlackElo "2700"]
[TimeControl "180+1"]
[EndTime "9:20:20 PST"]
[Termination "artin10862 won on time"]

1. d4 d5 2. Nf3 Nc6 3. Bf4 Bg4 4. e3 e6 5. Be2 Bd6 6. Bxd6 cxd6 7. c3 Nf6 8. Nbd2 O-O 9. O-O e5 10. Ne1 Bxe2 11. Qxe2 Qe7 12. Nc2 a6 13. a4 Rac8 14. a5 Qe6 15. Rfc1 Ne7 16. Ra3 Nd7 17. Rb3 Rc7 18. Ra1 f5 19. Rf1 e4 20. Ra3 Nf6 21.
Re1 g5 22. f4 exf3 23. Nxf3 h6 24. Nb4 Ne4 25. Nd3 Ng6 26. Rb3 Rff7 27. Rb6 Rce7 28. Qd1 Nf6 29. Nd2 Qd7 30. Nf1 Ne4 31. Qb3 Qe6 32. Nc5 Qf6 33. Qxd5 Kg7 34. Nxb7 f4 35. Nxd6 fxe3 36. Ne8+ Rxe8 37. Rxf6 Nxf6 38. Qc4 e2 39.
Rxe2 Ref8 40. Rf2 Nf4 41. Ng3 Ng4 42. Rf3 Nh3+ 43. gxh3 Rxf3 44. hxg4 R3f6 45. Nh5+ Kh7 46. Nxf6+ 1-0

[Event "Early-Titled-Tuesday-Blitz-February-20-2024"]
[Site "Chess.com"]
[Date "2024.02.20"]
[Round "7"]
[White "margarita_2703"]
[Black "Kotlyar_K"]
[Result "0-1"]
[WhiteElo "2383"]
[BlackElo "2589"]
[TimeControl "180+1"]
[EndTime "9:20:20 PST"]
[Termination "Kotlyar_K won by resignation"]

1. e4 e5 2. Nf3 Nc6 3. Bc4 Nf6 4.
O-O Be7 5. c3 Nxe4 6. Re1 Nd6 7.
Bb3 e4 8. Nd4 Nxd4 9. cxd4 O-O 10.
d3 exd3 11. Qxd3 Bg5 12. Bc2 g6 13. Nc3 c6 14. Qg3 Bxc1 15. Qxd6 Bg5 16. d5 Qf6 17. Ne4 Qxd6 18. Nxd6 Bf4 19. Ne4 cxd5 20. Nf6+ Kh8 21. Nxd5 Bh6 22. Be4 Bg7 23. Rab1 Rb8 24. b3 b5 25. Bd3 a6 26. Ne3 Bb7 27. Rbc1 Rbc8 28. f3 Bd4 29. Kf2 Kg7 30. Ke2 Rxc1 31. Rxc1 Re8 32.
Rc7 Bc6 33. Be4 Bxe3 34. Bxc6 dxc6 35. Rxc6 a5 36. Kd3 Bg1 37. h3 Rd8+ 38. Kc2 Bf2 39. Ra6 Be1 40. Rc6 Rd5 41. a4 bxa4 42. bxa4 Bb4 43. Kb3 Rd2 44. Rc2 Rxc2 45. Kxc2 Kf6 46.
Kd3 Kg5 47. Ke3 h5 48. Kf2 h4 49. Ke3 Bc5+ 50. Ke4 Bf2 51. f4+ Kf6 52. Kf3 Be1 53. Kg4 Bg3 54. Kf3 Kf5 0-1

[Event "Early-Titled-Tuesday-Blitz-February-20-2024"]
[Site "Chess.com"]
[Date "2024.02.20"]
[Round "7"]
[White "mestrefeitosa19"]
[Black "Grande_Strategia"]
[Result "0-1"]
[WhiteElo "2244"]
[BlackElo "2513"]
[TimeControl "180+1"]
[EndTime "9:20:20 PST"]
[Termination "Grande_Strategia won by checkmate"]

1. c4 f6 2. d4 Kf7 3. Qb3 g5 4. Nc3 e6 5. e4 h6 6. f4 Kg7 7. Nf3 Ne7 8. Bd3 b6 9. O-O Bb7 10. fxg5 hxg5 11. Qc2 g4 12. Ne1 Nbc6 13. Qf2 Ng6 14.
Nc2 e5 15. d5 Nb4 16. Nxb4 Bxb4 17. Qf5 g3 18. h3 d6 19. Ne2 Bc5+ 20. Kh1 Bc8 21. Qf3 Bxh3 22. gxh3 Rxh3+ 23. Kg2 Nh4+ 24. Kxh3 Nxf3 25. Rxf3 Qh8+ 26. Kxg3 Rg8 27. Kg2 Kf7+ 28. Ng3 Bg1 29. Kxg1 Qh3 30. Kf2 Qh2+ 31. Ke1 Rxg3 32.
Rxg3 Qxg3+ 33. Kd2 Qf2+ 34. Kc3 Qe1+ 35. Kc2 f5 36. b3 fxe4 37. Bb2 exd3+ 38. Kxd3 Qf2 39. Bc3 Qf3+ 40. Kc2 Qe4+ 41. Kb2 Qe2+ 42. Kc1 Qd3 43. Kb2 Qe2+ 44. Ka3 a5 45. Re1 Qc2 46. Rf1+ Ke7 47. Bb2 e4 48. Re1 Kd7 49. Re3 Qd2 50. Rc3 e3 51. Rc1 Qb4# 0-1

[Event "Early-Titled-Tuesday-Blitz-February-20-2024"]
[Site "Chess.com"]
[Date "2024.02.20"]
[Round "7"]
[White "BardArtem"]
[Black "CM_rui"]
[Result "0-1"]
[WhiteElo "2763"]
[BlackElo "2612"]
[TimeControl "180+1"]
[EndTime "9:20:21 PST"]
[Termination "CM_rui won on time"]

1. e4 e5 2. Nf3 Nc6 3. Bc4 Bc5 4. d3 Nf6 5. Nc3 O-O 6. a3 d6 7. Bg5 h6 8. Bh4 Be6 9. h3 a6 10. Qd2 Nd4 11. Nxd4 exd4 12. Bxf6 dxc3 13. Bxc3 Bxc4 14.
dxc4 Qh4 15. O-O Qxe4 16. Qd3 Rfe8 17. Qg3 g6 18. b3 Qxc2 19. b4 Bb6 20. Qf3 Re6 21.
Qxb7 Rae8 22. Rac1 Qb3 23. Qf3 Qxc4 24. Ba1 Qe4 25.
Qc3 f6 26. a4 c5 27. b5 axb5 28. axb5 Qb4 29. Qg3 Kf7 30. Qf3 Qxb5 31. Rb1 Qa6 32.
Qc6 d5 33. Qxd5 Ba7 34. Bc3 Re7 35. Ra1 Qc6 36. Qd2 Bb8 37. Qxh6 Qd6 38. Qh7+ Kf8 39. Qh8+ Kf7 40. g3 Bc7 41. Qh7+ Kf8 42. Qxg6 Rg7 43. Ra8+ Bb8 44. Qc2 Re3 45. Rxb8+ Qxb8 0-1

[Event "Early-Titled-Tuesday-Blitz-February-20-2024"]
[Site "Chess.com"]
[Date "2024.02.20"]
[Round "7"]
[White "Chessbard1972"]
[Black "Mesa_1"]
[Result "0-1"]
[WhiteElo "2464"]
[BlackElo "2581"]
[TimeControl "180+1"]
[EndTime "9:20:22 PST"]
[Termination "Mesa_1 won by checkmate"]

1. e4 c5 2. Nc3 e6 3. g3 Nc6 4.
Bg2 Nf6 5. d3 d5 6. f4 dxe4 7.
Nxe4 Nxe4 8. Bxe4 Qc7 9. Bg2 b6 10. Nf3 Bb7 11. O-O Be7 12. Be3 O-O 13. Qd2 Rad8 14.
Qf2 Nb4 15. a3 Nd5 16. Bd2 c4 17. d4 c3 18. bxc3 Nxc3 19. Rfe1 Ne4 20. Qe2 Bf6 21. Be3 Rc8 22. Rec1 Nc3 23. Qe1 Bd5 24. Ne5 Rfd8 25.
Bxd5 exd5 26. g4 Be7 27. Qf2 f6 28. Nd3 Bd6 29. h4 Re8 30. Re1 Qd7 31. Qg2 Ne4 32.
Rac1 Qa4 33. g5 Kh8 34. h5 Bxa3 35. h6 Bxc1 36. hxg7+ Kxg7 37. Rxc1 fxg5 38. Nf2 Qd7 39. Nxe4 Rxe4 40. Qxg5+ Kh8 41. Kf2 Rg8 42. Qh4 Qg4 43. Qh2 Rge8 44. Re1 Qf5 45. Qh6 R4e6 46. Qh4 Qxc2+ 47.
Re2 Qf5 48. Re1 Rg6 49. Rh1 Qc2+ 50. Kf3 Rxe3+ 51. Kxe3 Re6+ 52. Kf3 Qe2+ 53. Kg3 Re3# 0-1

[Event "Early-Titled-Tuesday-Blitz-February-20-2024"]
[Site "Chess.com"]
[Date "2024.02.20"]
[Round "7"]
[White "JaackCamel"]
[Black "mertfelin"]
[Result "0-1"]
[WhiteElo "2189"]
[BlackElo "2346"]
[TimeControl "180+1"]
[EndTime "9:20:23 PST"]
[Termination "mertfelin won by resignation"]

1. d4 d5 2. c4 e6 3. Nc3 Nf6 4. cxd5 exd5 5. Bg5 c6 6. e3 h6 7. Bh4 Be7 8. Bd3 O-O 9. Qc2 Re8 10. Nge2 a5 11. O-O Na6 12. a3 Nc7 13. h3 Ne6 14.
Rad1 Bd7 15. f3 b5 16. Bf2 b4 17. Nb1 c5 18. e4 c4 19. Bxc4 dxc4 20. Qxc4 Rc8 21.
Qd3 Ba4 22. Rc1 Nc5 23. Qc4 Ne6 24. Qxc8 Qxc8 25. Rxc8 Rxc8 26. d5 Nf8 27. axb4 axb4 28. Nd4 N8d7 29. Nf5 Bf8 30. Nd2 Bb5 31. Ra1 Rc2 32. Nb3 Rxb2 33. Nbd4 Bd3 34. Rd1 Rb1 35. Ne3 Rxd1+ 36. Nxd1 Bc5 37. Nb2 Ba6 38. Na4 Ba7 39. Nb3 Bxf2+ 40. Kxf2 Bb5 41. Nb2 Ne5 42. Ke3 Nc4+ 43.
Nxc4 Bxc4 44. Nd2 Ba2 45. Kd4 Kf8 46. Nc4 Ke7 47. Nb2 Nh5 48. Kc5 b3 49. Kc6 Kd8 50. e5 Nf4 51. g3 Ne2 52. f4 Nxg3 53. Nc4 Ne2 54. d6 Nxf4 55. Na5 Ne6 56. Nb7+ Ke8 57. d7+ Ke7 58. Nc5 Nxc5 0-1